2589 views
Uploaded 2023-12-28 23:46:32
Game version 1.36 (6115)
14:48 long 1on1 custom game on (2)lastrefuge_s2_v1.5
Game name "deki"
Saved by dexon
2589 views
Uploaded 2023-12-28 23:46:32
Game version 1.36 (6115)
14:48 long 1on1 custom game on (2)lastrefuge_s2_v1.5
Game name "deki"

35 units @ 3k
/ 0.5k
15 buildings @ 2.8k
/ 1.2k


| Potion of Healing | 5 | 750 |
| Staff of Preservation | 1 | 150 |
| Moonstone | 1 | 50 |
| Orb of Venom | 1 | 325 |
| Dust of Appearance | 1 | 75 |
| Scroll of Town Portal | 2 | 700 |
| Staff of Teleportation | 1 | 150 |
| total: | 12 | 2200g |
| Wisp | 23 | 1380 | / | 0 |
| Archer | 5 | 650 | / | 50 |
| Dryad | 7 | 1015 | / | 420 |
| total: | 35 | 3045g | / | 470w |
| Altar of Elders | 1 | 180 | / | 50 |
| Moon Well | 5 | 900 | / | 200 |
| Ancient of War | 2 | 300 | / | 120 |
| Tree of Life | 1 | 340 | / | 185 |
| Ancient of Wonders | 1 | 90 | / | 30 |
| Hunter's Hall | 3 | 630 | / | 300 |
| Ancient of Lore | 2 | 310 | / | 290 |
| Tree of Ages | 1 | 320 | / | 180 |
| Tree of Eternity | 1 | 330 | / | 200 |
| total: | 15 | 2750g | / | 1175w |
| 0:01 | Wisp |
| 0:01 | Wisp |
| 0:03 | Altar of Elders |
| 0:16 | Moon Well |
| 0:21 | Ancient of War |
| 0:30 | Wisp |
| 0:38 | Wisp |
| 0:48 | Wisp |
| 1:03 | Wisp |
| 1:13 | Wisp |
| 1:22 | Archer |
| 1:31 | Moon Well |
| 1:42 | Wisp |
| 2:08 | Mana Burn |
| 2:38 | Archer |
| 2:39 | Archer |
| 2:46 | Tree of Life |
| 2:59 | Wisp |
| 2:59 | Wisp |
| 3:13 | Archer |
| 3:31 | Archer |
| 3:37 | Moon Well |
| 3:39 | Wisp |
| 3:46 | Staff of Teleportation |
| 3:54 | Wisp |
| 4:11 | Evasion |
| 4:25 | Tree of Ages |
| 4:45 | Ancient of Wonders |
| 5:02 | Mana Burn |
| 6:25 | Hunter's Hall |
| 6:46 | Hunter's Hall |
| 6:59 | Hunter's Hall |
| 7:04 | Wisp |
| 7:04 | Wisp |
| 7:04 | Wisp |
| 7:04 | Wisp |
| 7:04 | Wisp |
| 7:15 | Potion of Healing |
| 7:15 | Staff of Preservation |
| 7:19 | Forked Lightning |
| 7:21 | Dust of Appearance |
| 7:43 | Ancient of War |
| 7:44 | Wisp |
| 7:50 | Wisp |
| 7:50 | Wisp |
| 7:54 | Tree of Eternity |
| 8:02 | Ancient of Lore |
| 8:06 | Ancient of Lore |
| 8:16 | Strength of the Wild |
| 8:47 | Wisp |
| 8:48 | Wisp |
| 9:01 | Evasion |
| 9:33 | Frost Arrows |
| 9:45 | Dryad |
| 9:45 | Dryad |
| 9:45 | Dryad |
| 10:21 | Potion of Healing |
| 10:27 | Dryad |
| 10:30 | Potion of Healing |
| 10:31 | Scroll of Town Portal |
| 11:11 | Dryad |
| 11:20 | Potion of Healing |
| 11:24 | Moonstone |
| 11:27 | Scroll of Town Portal |
| 11:29 | Orb of Venom |
| 12:04 | Abolish Magic |
| 12:14 | Moon Well |
| 12:30 | Potion of Healing |
| 12:37 | Moon Well |
| 13:20 | Wisp |
| 14:37 | Dryad |
| 14:37 | Dryad |
| Right click | 608 |
| Select | 335 |
| Select group | 159 |
| Build/train/purchase | 73 |
| Use ability | 71 |
| Assign group | 41 |
| Esc | 6 |
| Chat | 4 |
| Item give/drop | 2 |
27 units @ 3.8k
/ 0.4k
16 buildings @ 1.6k
/ 0.7k


| Scroll of Regeneration | 3 | 300 |
| Lesser Clarity Potion | 1 | 70 |
| Circlet of Nobility | 1 | 175 |
| Boots of Speed | 2 | 500 |
| total: | 7 | 1045g |
| Peasant | 9 | 675 | / | 0 |
| Footman | 5 | 675 | / | 0 |
| Rifleman | 8 | 1640 | / | 240 |
| Priest | 3 | 405 | / | 30 |
| Mortar Team | 1 | 180 | / | 70 |
| Spell Breaker | 1 | 215 | / | 30 |
| total: | 27 | 3790g | / | 370w |
| Scout Tower | 1 | 30 | / | 20 |
| Arcane Tower | 1 | 70 | / | 50 |
| Altar of Kings | 1 | 180 | / | 50 |
| Barracks | 1 | 160 | / | 60 |
| Farm | 9 | 720 | / | 180 |
| Blacksmith | 1 | 140 | / | 60 |
| Arcane Vault | 1 | 130 | / | 30 |
| Arcane Sanctum | 1 | 150 | / | 140 |
| Workshop | 1 | 140 | / | 140 |
| Keep | 1 | 320 | / | 210 |
| Castle | 1 | 360 | / | 210 |
| total: | 16 | 1650g | / | 680w |
| 0:01 | Peasant |
| 0:02 | Peasant |
| 0:05 | Altar of Kings |
| 0:11 | Barracks |
| 0:19 | Farm |
| 0:34 | Peasant |
| 0:54 | Peasant |
| 0:56 | Farm |
| 1:17 | Footman |
| 1:18 | Peasant |
| 1:30 | Peasant |
| 1:31 | Footman |
| 1:46 | Peasant |
| 1:51 | Peasant |
| 1:59 | Peasant |
| 2:09 | Footman |
| 2:15 | Farm |
| 2:18 | Summon Water Elemental |
| 2:34 | Farm |
| 3:17 | Brilliance Aura |
| 3:21 | Keep |
| 3:33 | Scout Tower |
| 3:39 | Circlet of Nobility |
| 3:40 | Boots of Speed |
| 3:45 | Boots of Speed |
| 3:59 | Footman |
| 4:25 | Footman |
| 4:28 | Blacksmith |
| 4:38 | Arcane Vault |
| 5:07 | Arcane Tower |
| 5:35 | Scroll of Regeneration |
| 5:53 | Arcane Sanctum |
| 6:11 | Rifleman |
| 6:19 | Farm |
| 7:32 | Storm Bolt |
| 7:32 | Storm Bolt |
| 7:37 | Priest |
| 7:38 | Priest |
| 7:39 | Rifleman |
| 7:40 | Black Gunpowder |
| 7:42 | Scroll of Regeneration |
| 7:44 | Lesser Clarity Potion |
| 8:02 | Rifleman |
| 8:03 | Long Rifles |
| 8:08 | Farm |
| 8:19 | Scroll of Regeneration |
| 8:35 | Rifleman |
| 9:12 | Bash |
| 9:45 | Brilliance Aura |
| 10:22 | Rifleman |
| 10:23 | Priest |
| 10:25 | Castle |
| 10:30 | Workshop |
| 11:56 | Rifleman |
| 12:14 | Mortar Team |
| 12:14 | Farm |
| 12:20 | Farm |
| 12:22 | Refined Gunpowder |
| 12:43 | Storm Bolt |
| 13:05 | Summon Water Elemental |
| 13:15 | Rifleman |
| 13:35 | Spell Breaker |
| 13:37 | Rifleman |
| 13:37 | Farm |
| 14:28 | Bash |
| Right click | 759 |
| Select | 318 |
| Select group | 208 |
| Build/train/purchase | 85 |
| Misc. action | 67 |
| Assign group | 29 |
| Use ability | 10 |
| Item give/drop | 4 |
| Remove unit | 1 |
| Esc | 1 |